 Dungeon Crawl Stone Soup version 0.28-a0-1555-g9ae15a6949 (webtiles) character file.

Game seed: 7103053905618112693

88632 flotson the Fighter (level 15, -5/120 HPs)
             Began as a Demonspawn Gladiator on Jan 19, 2022.
             Was an Initiate of Gozag.
             Killed from afar by Roxanne (42 damage)
             ... with a crystal spear
             ... on level 15 of the Dungeon.
             The game lasted 00:51:27 (36703 turns).

flotson the Fighter (Demonspawn Gladiator)         Turns: 36703, Time: 00:51:27

Health: -5/120     AC: 33    Str: 26    XL:     15   Next: 47%
Magic:  0/15       EV: 11    Int: 11    God:    Gozag
Gold:   4848       SH: 10    Dex: 17    Spells: 14/14 levels left

rFire   + . .      SeeInvis .   a - +10 broad axe of the Throat {freeze, Will+ Dex+2}
rCold   + . .      Faith    .   q - +0 kite shield {reflect}
rNeg    . . .      Spirit   +   d - +3 plate armour {rPois}
rPois   +          Reflect  +   X - +0 helmet
rElec   .          Harm     .   Y - +1 cloak {rF+}
rCorr   .          Rampage  .   K - +1 pair of gloves
Will    ++...                   (boots unavailable)
Stlth   ..........              R - amulet of guardian spirit
HPRegen 0.30/turn               r - +6 ring of strength
MPRegen 0.14/turn               G - ring of protection from cold

@: sanguine armoured, hasted, very quick
A: hooves 3, icemail 1, spiny 1, sanguine armour 2, condensation shield
a: Renounce Religion, Potion Petition, Call Merchant, Bribe Branch


You were on level 15 of the Dungeon.
You worshipped Gozag.
Gozag was most pleased with you.
You visited 4 branches of the dungeon, and saw 24 of its levels.
You also visited: Gauntlet and Volcano.

You collected 6008 gold pieces.
You spent 1097 gold pieces at shops.
You paid 63 gold pieces to Gozag.

Inventory:

Hand Weapons
 a - the +10 broad axe of the Throat (weapon) {freeze, Will+ Dex+2}
   (You bought it in a shop on level 2 of the Orcish Mines)

   It freezes those it strikes, dealing additional cold damage.
   It can also slow down cold-blooded creatures.
   Dex:       It affects your dexterity (+2).
   Will:      It increases your willpower.
 b - a +2 hunting sling of flaming
Missiles
 l - 2 atropa-tipped darts
 n - 11 javelins
 p - 97 sling bullets
 F - 8 boomerangs
 O - 42 poisoned darts (quivered)
Armour
 d - a +3 plate armour of poison resistance (worn)
 q - a +0 kite shield of reflection (worn)
 K - a +1 pair of gloves (worn)
 X - a +0 helmet (worn)
 Y - a +1 cloak of fire resistance (worn)
Jewellery
 r - a +6 ring of strength (left hand)
 G - a ring of protection from cold (right hand)
 H - the ring of Pirrasa {rCorr Int+5 Dex-3}
   (You found it in a Gauntlet)

   [ring of resist corrosion]

   Int:       It affects your intelligence (+5).
   Dex:       It affects your dexterity (-3).
   rCorr:     It protects you from acid and corrosion.
 N - a ring of see invisible
 R - an amulet of guardian spirit (around neck)
Wands
 h - a wand of acid (3)
 j - a wand of iceblast (12)
 t - a wand of polymorph (19)
 z - a wand of digging (7)
 D - a wand of paralysis (7)
 E - a wand of mindburst (24)
 T - a wand of flame (15)
Scrolls
 i - 5 scrolls of fear
 k - 6 scrolls of fog
 o - 2 scrolls of summoning
 s - 2 scrolls of enchant armour {unknown}
 u - a scroll of immolation {unknown}
 w - 8 scrolls of teleportation
 x - 5 scrolls of blinking
 y - a scroll of holy word {unknown}
 I - 7 scrolls of enchant weapon
 L - a scroll of brand weapon {unknown}
 V - 2 scrolls of silence {unknown}
Potions
 e - 10 potions of curing
 f - 2 potions of haste
 g - a potion of invisibility
 m - 3 potions of attraction
 v - 2 potions of mutation
 C - 2 potions of lignification
 J - 3 potions of ambrosia
 M - 2 potions of flight
 Q - 4 potions of resistance
 S - 4 potions of heal wounds
Miscellaneous
 A - a piece from Xom's chessboard (15/15)
 B - a box of beasts


   Skills:
 + Level 11.8 Fighting
 + Level 10.2(10.5) Axes
 - Level 4.0(7.6) Maces & Flails
 + Level 10.9 Throwing
 + Level 10.6 Armour
 + Level 11.0 Dodging
 + Level 5.5 Shields
 + Level 10.6 Evocations


You had 14 spell levels left.
You didn't know any spells.
Your spell library contained the following spells:

 Spells                   Type           Power      Damage    Failure   Level
 Animate Skeleton         Necr           0%         N/A       100%        1
 Apportation              Tloc           0%         N/A       100%        1
 Beastly Appendage        Tmut           0%         N/A       100%        1
 Magic Dart               Conj           0%         1d3       100%        1
 Pain                     Necr           0%         1d4       100%        1
 Summon Small Mammal      Summ           0%         N/A       100%        1
 Call Imp                 Summ           0%         N/A       100%        2
 Wereblood                Tmut           0%         N/A       100%        2
 Conjure Flame            Conj/Fire      0%         6-21      100%        3
 Mephitic Cloud           Conj/Pois/Air  0%         N/A       100%        3
 Spider Form              Tmut/Pois      0%         N/A       100%        3
 Airstrike                Air            0%         N/A       100%        4
 Leda's Liquefaction      Hex/Erth       0%         N/A       100%        4
 Summon Lightning Spire   Summ/Air       0%         N/A       100%        4
 Agony                    Necr           0%         N/A       100%        5
 Excruciating Wounds      Necr           0%         N/A       100%        5
 Fireball                 Conj/Fire      0%         3d3       100%        5
 Lee's Rapid Deconstruct  Erth           0%         3d5*      100%        5
 Lightning Bolt           Conj/Air       0%         1d11      100%        5
 Conjure Ball Lightning   Conj/Air       0%         3x3d6     100%        6
 Statue Form              Tmut/Erth      0%         N/A       100%        6
 Discord                  Hex            0%         N/A       100%        8
 Disjunction              Tloc           0%         N/A       100%        8
 Ignition                 Fire           0%         3d3       100%        8


Dungeon Overview and Level Annotations

Branches:
Dungeon (15/15)            Temple (1/1) D:7            Lair (6/6) D:9
 Shoals (0/4) Lair:2       Spider (0/4) Lair:2        Slime (0/5) Lair:5
    Orc (2/2) D:9             Elf (0/3) Orc:2        Vaults (0/5) D:14
 Depths (0/4) D:15        Volcano (visited)         Gauntlet (visited)

Altars:
Ashenzari
Cheibriados
Dithmenos
Elyvilon
Fedhas
Gozag
Hepliaklqana
Kikubaaqudgha
Makhleb
Nemelex Xobeh
Okawaru
Qazlal
Ru
Sif Muna
Trog
Uskayaw
Vehumet
Wu Jian
Xom
Yredelemnul
Zin
The Shining One

Shops:
D:7 :   D:8 *   D:12 :   D:15 *   Orc:2 (*:[

Annotations:
D:15 Roxanne
Lair:1 2 transporters, Strat's ghost, novice DgWn


Innate Abilities, Weirdness & Mutations

You have hooves in place of feet.
A meltable icy envelope protects you from harm. (AC +0)
You are partially covered in sharp spines.
When seriously injured, your blood forms thick armour. (AC +9)
A meltable shield of frost defends you. (SH +0)


Message History

Roxanne is moderately damaged.
Roxanne casts a spell.
The bolt of magma hits you!!
Your icy defenses dissipate!
You partially resist.
Roxanne mutters, "When I said I wanted to live forever... this was not what I had in mind."
You hit Roxanne but do no damage. You kick Roxanne, but do no damage.
Roxanne is moderately damaged.
You slash Roxanne! You kick Roxanne, but do no damage.
Roxanne is heavily damaged.
Roxanne mumbles some strange words.
The iron shot hits you!!
* * * LOW HITPOINT WARNING * * *
Unknown command.
You feel much better.
You feel yourself speed up.
You slash Roxanne! You kick Roxanne.
Roxanne is heavily damaged.
You slice Roxanne!! You freeze Roxanne. You kick Roxanne, but do no damage.
Roxanne is severely damaged.
You slice Roxanne!! You kick Roxanne, but do no damage.
Roxanne is severely damaged.
Roxanne mumbles some strange words.
The bolt of magma hits you! You partially resist.
* * * LOW HITPOINT WARNING * * *
You slash Roxanne!
Roxanne is almost destroyed.
You slice Roxanne!! You freeze Roxanne.
Roxanne is almost destroyed.
Roxanne casts a spell.
The iron shot hits you!!
* * * LOW HITPOINT WARNING * * *
You feel much better.
Roxanne says, "At least I didn't end up somewhere with nobody to talk to."
You hit Roxanne but do no damage. You kick Roxanne.
Roxanne is almost destroyed.
Roxanne mumbles some strange words.
The crystal spear hits you!!!
You die...
Your body crumbles into a pile of gold.

#...#...#.#.#...#....##......##
##.#.#.#..###...##...##......##
##...#.....###...##'####........
#....#.#####.....##...##........
#....#..........................
#.#.)...........................
#...)..?.##......##...##<.....##
##.......##......##...####'#####
##......##....@.#######......#.
#.<.....#.....8............(.'.
##......#......$.............#.
##......##......##...##.....)##
#........#########...##########
##.......# #..... #. ##......##
##...# #. #........# ## #.
#.......## #.


You could see Roxanne.

Vanquished Creatures
  Donald (Orc:2)
  The ghost of Cyetsa the Severer, an adept FoFi of Okawaru (D:15)
  An orc warlord (D:9)
  The ghost of Efal Ser the Devastator, a journeyman TeCj of Vehumet (D:12)
  A minotaur (Gauntlet)
  A fire dragon (shapeshifter) (D:15)
  Josephine (D:15)
  5 vault guards (D:14)
  A catoblepas (Lair:6)
  3 boulder beetles
  7 hydras
  An ogre mage (D:14)
  7 centaur warriors
  A death knight (D:13)
  8 two-headed ogres
  A deep troll shaman (Lair:6)
  6 death yaks (Lair:6)
  3 tengu warriors
  2 orc high priests (Orc:2)
  Nergalle (Orc:1)
  A soul eater (Gauntlet)
  A hell knight (D:15)
  A deep troll (D:15)
  9 skeletal warriors
  A goliath frog (shapeshifter) (Gauntlet)
  A wizard (D:14)
  2 orc knights (Orc:1)
  Pikel (D:8)
  2 large abominations (Gauntlet)
  2 deep elf pyromancers
  11 ugly things
  A salamander (shapeshifter) (D:14)
  4 orc sorcerers
  8 elephants
  3 manticores
  4 cyclopes
  A black mamba (shapeshifter) (D:13)
  3 black mambas (Lair:4)
  A smoke demon (Volcano)
  2 gargoyles
  An unseen horror (D:12)
  An unseen horror (shapeshifter) (Gauntlet)
  5 komodo dragons
  4 rime drakes
  5 cane toads
  A minotaur zombie (Gauntlet)
  An efreet (D:14)
  A yaktaur (D:15)
  2 kobold demonologists (D:12)
  3 red devils (Volcano)
  6 trolls
  3 tengu conjurers
  A wind drake (Lair:2)
  7 blink frogs
  A hornet (D:9)
  5 slime creatures (D:14)
  Prince Ribbit (D:9)
  A meliai zombie (D:9)
  A jumping spider (Lair:2)
  6 wraiths
  A vampire (D:8)
  33 yaks
  5 wyverns
  2 shadows
  A water elemental (D:14)
  A human (D:14)
  A steam dragon (D:4)
  5 basilisks
  6 vampire mosquitoes
  2 acid dragons
  A warg (Orc:1)
  A hell hound (Volcano)
  9 water moccasins
  3 ice beasts
  28 orc warriors
  5 black bears
  4 necrophages (Lair:4)
  2 sky beasts (D:6)
  6 small abominations (Gauntlet)
  19 wolves
  9 ogres
  12 centaurs
  A lemure (D:8)
  A kobold brigand (D:10)
  9 bullfrogs
  2 scorpions (D:5)
  A wyvern skeleton (D:5)
  12 killer bees
  6 wights
  A howler monkey (D:9)
  5 electric eels
  5 jellies
  5 centaur zombies
  12 orc priests
  Crazy Yiuf (D:6)
  A gnoll shaman (D:9)
  4 hounds
  A centaur skeleton (D:7)
  4 iguanas
  11 orc wizards
  A howler monkey zombie (D:9)
  2 howler monkey skeletons
  10 adders
  8 shadow imps
  2 white imps (D:6)
  2 worms (D:3)
  46 orcs
  8 endoplasms
  A giant cockroach (D:1)
  8 goblins
  8 hobgoblins
  8 jackals
  4 quokkas
  10 ball pythons
  6 bats
  4 frilled lizards
  13 kobolds
  6 rats
553 creatures vanquished.

Vanquished Creatures (others)
  A wizard (D:15)
  2 orc wizards (D:9)
  28 fungi
  63 plants
94 creatures vanquished.

Grand Total: 647 creatures vanquished

Notes
Turn   | Place    | Note
-------+----------+-------------------------------------------
     0 | D:1      | flotson the Demonspawn Gladiator began the quest for the
                  | Orb.
     0 | D:1      | Reached XP level 1. HP: 16/16 MP: 1/1
   546 | D:1      | Gained mutation: When seriously injured, your blood forms
                  | armour. (AC +9) [demonic ancestry]
   546 | D:1      | Reached XP level 2. HP: 22/22 MP: 2/2
  1262 | D:2      | Identified the +8 whip "Piaz" {vorpal, rC+}
  1585 | D:2      | Found a faded altar of an unknown god.
  1725 | D:2      | Reached skill level 1 in Armour
  1725 | D:2      | Reached XP level 3. HP: 23/28 MP: 3/3
  1809 | D:2      | Gained mutation: A meltable shield of frost defends you.
                  | (SH +0) [demonic ancestry]
  1809 | D:2      | Reached XP level 4. HP: 29/34 MP: 4/4
  2932 | D:3      | Reached XP level 5. HP: 40/40 MP: 5/5
  3684 | D:4      | Reached XP level 6. HP: 47/47 MP: 6/6
  3723 | D:4      | Noticed a steam dragon
  3732 | D:4      | Killed a steam dragon
  3842 | D:4      | Found a broken altar of Ashenzari.
  3846 | D:4      | Saw a vision of the Shoals and the Spider Nest.
  3846 | D:4      | Noticed a redback
  3846 | D:4      | Noticed a redback
  3846 | D:4      | Noticed a sea snake
  3846 | D:4      | Noticed a merfolk
  3846 | D:4      | Noticed a merfolk
  3846 | D:4      | Noticed a merfolk
  3846 | D:4      | Noticed a wind drake
  3846 | D:4      | Noticed a merfolk
  3846 | D:4      | Noticed a merfolk
  3849 | D:4      | Noticed a wolf spider
  3849 | D:4      | Noticed a wolf spider
  4003 | D:5      | Entered Level 5 of the Dungeon
  4054 | D:5      | Reached XP level 7. HP: 24/53 MP: 7/7
  4592 | D:5      | Identified the +1 robe "Enkeg" {Str+3}
  6251 | D:6      | Gained mutation: You have large cloven feet. [demonic
                  | ancestry]
  6251 | D:6      | Reached XP level 8. HP: 61/61 MP: 8/8
  6393 | D:6      | Found a runed translucent door.
  6394 | D:6      | Noticed Crazy Yiuf
  6461 | D:6      | Reached skill level 5 in Axes
  6638 | D:6      | Reached skill level 5 in Fighting
  6638 | D:6      | Reached skill level 5 in Dodging
  6638 | D:6      | Reached skill level 1 in Evocations
  7372 | D:6      | Killed Crazy Yiuf
  7595 | D:7      | Found Ducocse's Book Boutique.
  7646 | D:7      | Reached skill level 5 in Throwing
  7649 | D:7      | Reached XP level 9. HP: 27/68 MP: 9/9
  8036 | D:7      | Found a staircase to the Ecumenical Temple.
  8154 | Temple   | Entered the Ecumenical Temple
  8409 | Temple   | Became a worshipper of Gozag Ym Sagoz the Greedy
  8826 | D:8      | Noticed Pikel
  8879 | D:8      | Killed Pikel
  8880 | D:8      | Reached skill level 5 in Armour
  9732 | D:8      | Found Wubiliut's Fire Supplies.
  9760 | D:8      | Bought a +2 ring mail of fire resistance for 252 gold
                  | pieces
 10463 | D:9      | Found a staircase to the Orcish Mines.
 10464 | D:9      | Noticed a centaur warrior
 10465 | D:9      | Noticed a two-headed ogre
 10763 | D:8      | Killed a centaur warrior
 10764 | D:8      | Gained mutation: You have hoof-like feet. [demonic
                  | ancestry]
 10764 | D:8      | Reached XP level 10. HP: 36/77 MP: 10/10
 11226 | D:8      | Killed a two-headed ogre
 11691 | D:9      | Noticed Prince Ribbit
 11696 | D:9      | Killed Prince Ribbit
 12558 | D:9      | Found a staircase to the Lair.
 12655 | D:9      | Reached skill level 5 in Evocations
 13018 | D:10     | Entered Level 10 of the Dungeon
 13785 | D:10     | Gained mutation: A meltable icy envelope protects you from
                  | harm. (AC +0) [demonic ancestry]
 13785 | D:10     | Reached XP level 11. HP: 84/84 MP: 11/11
 13953 | Lair:1   | Entered Level 1 of the Lair of Beasts
 13953 | Lair:1   | Noticed a five-headed hydra
 13961 | D:9      | Killed a five-headed hydra
 14735 | Lair:1   | Found a transporter.
 14769 | Lair:1   | Noticed Strat's ghost (novice DgWn)
 14770 | Lair:1   | Noticed a seven-headed hydra
 14780 | Lair:1   | Found a transporter.
 15373 | Lair:2   | Noticed an eight-headed hydra
 16654 | Lair:2   | Killed an eight-headed hydra
 17005 | Lair:2   | Found a hole to the Spider Nest.
 17129 | Lair:2   | Found a staircase to the Shoals.
 17938 | Lair:3   | Noticed an eight-headed hydra
 17948 | Lair:3   | Killed an eight-headed hydra
 17949 | Lair:3   | Reached XP level 12. HP: 60/94 MP: 5/12
 19441 | Lair:4   | Found a dark tunnel.
 19449 | Volcano  | Entered a volcano
 20043 | Volcano  | Paralysed by an orc sorcerer for 6 turns
 21156 | Lair:4   | Reached skill level 1 in Maces & Flails
 21713 | Lair:5   | Found a staircase to the Slime Pits.
 21846 | Lair:5   | You fall into a shaft and drop 1 floor!
 21846 | Lair:6   | Entered Level 6 of the Lair of Beasts
 21985 | Lair:5   | Noticed a seven-headed hydra
 21994 | Lair:5   | Killed a seven-headed hydra
 22464 | Lair:6   | Gained mutation: You are partially covered in sharp spines.
                  | [demonic ancestry]
 22464 | Lair:6   | Reached XP level 13. HP: 86/102 MP: 10/13
 23601 | Lair:6   | Reached skill level 10 in Fighting
 24494 | Orc:1    | Entered Level 1 of the Orcish Mines
 24560 | Orc:1    | Noticed Nergalle
 24586 | Orc:1    | Killed Nergalle
 24901 | Orc:2    | Entered Level 2 of the Orcish Mines
 24911 | Orc:2    | Noticed an orc warlord
 25213 | D:9      | Killed an orc warlord
 25619 | Orc:1    | Reached skill level 1 in Shields
 25779 | Orc:2    | Found Disi's General Store.
 26335 | Orc:2    | Found Hotawiv's Book Shoppe.
 26514 | Orc:2    | Bought a scroll of amnesia for 59 gold pieces
 26935 | Orc:2    | Found Ruches's Antique Weapon Shop.
 27176 | Orc:2    | Bought a translucent broad axe for 252 gold pieces
 27176 | Orc:2    | Identified the +10 broad axe of the Throat {freeze, Will+
                  | Dex+2} (You bought it in a shop on level 2 of the Orcish
                  | Mines)
 27338 | Orc:2    | Noticed Donald
 27356 | Orc:2    | Killed Donald
 27541 | Orc:2    | Found Ymemmif's Antique Armour Shop.
 27549 | Orc:2    | Bought a shimmering scale mail for 234 gold pieces
 27549 | Orc:2    | Identified the +1 scale mail of the Scribe {*Corrode Str+5
                  | Int-2 Dex+8} (You bought it in a shop on level 2 of the
                  | Orcish Mines)
 27552 | Orc:2    | Found a staircase to the Elven Halls.
 28246 | D:11     | Gained mutation: When seriously injured, your blood forms
                  | thick armour. (AC +9) [demonic ancestry]
 28246 | D:11     | Reached XP level 14. HP: 91/111 MP: 11/14
 28945 | D:12     | Found Koiran's Book Boutique.
 28968 | D:12     | Reached skill level 10 in Dodging
 29219 | D:12     | Found a transporter.
 29224 | D:12     | Noticed Efal Ser's ghost (journeyman TeCj)
 29227 | D:12     | Found a transporter.
 30149 | D:12     | Reached skill level 10 in Throwing
 30663 | D:12     | Killed Efal Ser's ghost
 30751 | D:13     | Found a gate leading to a gauntlet.
 30754 | Gauntlet | Entered a Gauntlet
 30754 | Gauntlet | Found a transporter.
 30754 | Gauntlet | Found a transporter.
 30776 | Gauntlet | Found a transporter.
 30777 | Gauntlet | Found a transporter.
 30780 | Gauntlet | Found a runed translucent door.
 30780 | Gauntlet | Found a runed translucent door.
 30784 | Gauntlet | Found a transporter.
 30788 | Gauntlet | Found a transporter.
 30794 | Gauntlet | Found a runed translucent gate.
 30796 | Gauntlet | Found a transporter.
 30797 | Gauntlet | Found a runed translucent gate.
 30798 | Gauntlet | Found a runed translucent gate.
 30811 | Gauntlet | Found a runed translucent door.
 30812 | Gauntlet | Found a transporter.
 30813 | Gauntlet | Found a runed translucent door.
 30826 | Gauntlet | Found a transporter.
 30830 | Gauntlet | Found a transporter.
 30838 | Gauntlet | Found a transporter.
 30842 | Gauntlet | Found a transporter.
 31089 | Gauntlet | Identified the ring of Pirrasa {rCorr Int+5 Dex-3}
 31114 | Gauntlet | Identified the +9 arbalest "Toegyrui" {vorpal, rF+ Dex+2}
 31142 | Gauntlet | Got Bahaxzan's Collected Works on Fire
 32267 | D:13     | Reached skill level 10 in Armour
 33119 | D:14     | Reached skill level 10 in Evocations
 34012 | D:14     | Gained mutation: You have hooves in place of feet. [demonic
                  | ancestry]
 34012 | D:14     | Reached XP level 15. HP: 65/119 MP: 8/15
 34566 | D:14     | Reached skill level 5 in Shields
 34749 | D:14     | Found a gate to the Vaults.
 34960 | D:14     | Reached skill level 10 in Axes
 35163 | D:15     | Entered Level 15 of the Dungeon
 35466 | D:15     | Noticed Roxanne
 35475 | D:15     | Found a staircase to the Depths.
 35529 | D:15     | Noticed Josephine
 35537 | D:15     | Killed Josephine
 35722 | D:15     | Noticed Cyetsa's ghost (adept FoFi)
 35723 | D:15     | Found a runed translucent door.
 35757 | D:15     | Killed Cyetsa's ghost
 36295 | D:15     | Found Kuraaw's Assorted Antiques.
 36303 | D:15     | Bought a scroll labelled RETERE AFYM for 25 gold pieces
 36303 | D:15     | Bought a scroll of identify for 50 gold pieces
 36303 | D:15     | Bought a scroll of identify for 50 gold pieces
 36303 | D:15     | Bought a potion of curing for 75 gold pieces
 36303 | D:15     | Bought a wand of iceblast (8) for 100 gold pieces
 36701 | D:15     | HP: 5/120 [Roxanne/iron shot (27)]
 36703 | D:15     | Killed from afar by Roxanne

Illustrated notes

Levels and vault maps discovered:
D:1:      minmay_arrival_diagonal_passages, layout_loops_ring
D:2:      minmay_razor_zed, layout_basic, chequers_ecumenical_altar_lobes,
          basic_altar, nicolae_figureground_pulse
D:3:      layout_basic
D:4:      layout_cave_pools, grunt_ashenzari_visionary
          [grunt_ashenzari_visionary_shoals, grunt_ashenzari_visionary_spider],
          serial_column_ruins, column_ruins_grid_5,
          column_ruins_columns_straight, column_ruins_columns_T,
          column_ruins_columns_corner, column_ruins_open_tiny
D:5:      layout_cave_pods
D:6:      layout_basic, uniq_crazy_yiuf_cottage
D:7:      layout_rooms, minmay_temple_entry_grid, serial_shops, shop
D:8:      cheibrodos_helix_gallery, layout_loops_corners, nicolae_shop_fire_sale
          [nicolae_sub_dead_trees], nzn_life_drinkers, uniq_pikel
D:9:      layout_loops_ring, david_lair_shrubbed, erik_orc_4,
          kennysheep_small_circle, uniq_prince_ribbit1
D:10:     layout_cave_pools
D:11:     layout_basic
D:12:     layout_small_grid, gammafunk_ghost_smash, serial_shops, shop_fountains
D:13:     layout_basic, gauntlet_entry_generic
D:14:     layout_basic, grunt_vaults_entry_fortified, hangedman_decor_slide_cut,
          hangedman_decor_riveting, nicolae_elyvilon_temple_path
D:15:     hangedman_depths_entry_civil_slaughter, layout_gridville,
          hellmonk_ghost_happy_afterlife, serial_shops, nicolae_square_shop,
          uniq_josephine, uniq_roxanne
Temple:   nicolae_temple_the_god_donut
Lair:1:   layout_regular_city, gammafunk_ghost_berserking_beasts,
          serial_bayou_pond_e, lemuel_fruit_tree
Lair:2:   layout_regular_city, minmay_shoals_entry_beasts, spider_nest_entry_a,
          grunt_megastairs_4, serial_bayou_shore_b
Lair:3:   layout_hall_layers, minivault_11, chequers_serial_rivers_micro_c,
          serial_bayou_shore_a, infiniplex_staircase_pool
Lair:4:   layout_cave_pods, nicolae_volcano_entry_hallway, roderic_carrion_pond
Lair:5:   layout_gridlike, minmay_slime_entry_pillars, nicolae_lair_lil_pond
Lair:6:   grunt_lair_end_beastmaster, layout_gridlike
Orc:1:    layout_diamond_mine, uniq_nergalle
Orc:2:    grunt_orc_gardens, layout_diamond_mine, grunt_orc_garden,
          grunt_orc_garden, grunt_orc_garden, grunt_orc_garden, uniq_donald

Skill      XL: |  1  2  3  4  5  6  7  8  9 10 11 12 13 14 15 |
---------------+----------------------------------------------+-----
Throwing       | 2 3 4 5 6 8 9 10 | 10.9
Axes           | 3 4 5 6 7 8 9 10 | 10.2
Armour         | 1 2 3 4 5 6 7 8 9 10 | 10.6
Dodging        | 3 4 5 6 7 8 9 10 11 | 11.0
Fighting       | 3 4 5 6 7 8 9 10 11 | 11.8
Evocations     | 2 4 5 6 8 9 10 | 10.6
Maces & Flails | 1 4 |  4.0
Shields        | 2 4 5 |  5.5

Action                   |  1- 3 |  4- 6 |  7- 9 | 10-12 | 13-15 || total
-------------------------+-------+-------+-------+-------+-------++-------
Melee: War axe           |    64 |       |       |       |       ||    64
       Whip              |    30 |   123 |   227 |   673 |   427 ||  1480
       Punch             |     1 |     1 |     6 |     8 |     1 ||    17
       Kick              |       |       |    46 |   250 |   370 ||   666
       Unarmed           |       |       |    32 |       |       ||    32
       Broad axe         |       |       |       |       |   510 ||   510
 Fire: Hunting sling     |       |       |       |    89 |    75 ||   164
Throw: Javelin           |       |     3 |     4 |     3 |       ||    10
       Throwing net      |       |     1 |       |     1 |     2 ||     4
       Boomerang         |       |       |     3 |    48 |     7 ||    58
       Dart              |       |       |       |       |    13 ||    13
Evoke: Wand              |       |       |     5 |     6 |     6 ||    17
  Use: Potion            |       |       |     2 |     3 |    10 ||    15
       Scroll            |       |       |     1 |    14 |     5 ||    20
 Stab: Paralysed         |       |       |       |     7 |       ||     7
       Distracted        |       |       |       |     1 |     4 ||     5
       Held in net/web   |       |       |       |       |     1 ||     1
Armor: Leather armour    |     4 |       |       |       |       ||     4
       Ring mail         |    25 |    27 |    84 |   129 |       ||   265
       Skin              |       |       |     1 |       |       ||     1
       Ice dragon scales |       |       |       |   114 |       ||   114
       Chain mail        |       |       |       |    56 |   109 ||   165
       Plate armour      |       |       |       |       |   443 ||   443
Dodge: Dodged            |    71 |    68 |   162 |   386 |   364 ||  1051
Block: Other             |       |    11 |    35 |    87 |    20 ||   153
       Orb               |       |       |     1 |       |       ||     1
       Tower shield      |       |       |       |       |   268 ||   268
       Kite shield       |       |       |       |       |   393 ||   393
       Reflection        |       |       |       |       |    29 ||    29

Table legend: (Time is in decaauts)
 A = Elapsed time spent in this place.
 B = Non-inter-level travel time spent in this place.
 C = Inter-level travel time spent in this place.
 D = Time resting spent in this place.
 E = Time spent auto-exploring this place.
 F = Levels seen in this place.
 G = Mean time per level.
                   A        B        C        D        E       F      G
               +--------+--------+--------+--------+--------+-----+--------+
         Total |  36838 |  35317 |   1521 |   3661 |  25929 |  26 | 1416.8 |
       Dungeon |  23338 |  22352 |    986 |   2246 |  17011 |  15 | 1555.9 |
        Temple |    267 |    255 |     12 |      0 |    225 |   1 |  267.0 |
          Lair |   8996 |   8615 |    381 |    679 |   6437 |   6 | 1499.3 |
  Orcish Mines |   2651 |   2510 |    141 |    635 |   1134 |   2 | 1325.5 |
       Volcano |    826 |    826 |      0 |     15 |    683 |   1 |  826.0 |
      Gauntlet |    758 |    758 |      0 |     86 |    438 |   1 |  758.0 |
               +--------+--------+--------+--------+--------+-----+--------+

Top non-repeatable levels by time:
     D:9: 3219 daAuts
     D:8: 2544 daAuts
     D:5: 2105 daAuts
    D:14: 1978 daAuts
    D:12: 1811 daAuts
    D:13: 1742 daAuts
  Lair:6: 1604 daAuts
  Lair:2: 1567 daAuts
    D:15: 1555 daAuts
  Lair:1: 1521 daAuts
   Orc:2: 1465 daAuts
  Lair:5: 1447 daAuts
  Lair:3: 1444 daAuts
  Lair:4: 1411 daAuts
     D:2: 1380 daAuts
